 Dungeon Crawl Stone Soup version 0.25-a0-1136-gc1285e62ab (webtiles) character file.

Game seed: 8875052964257974637, levelgen mode: deterministic

1864 BeastOfSaturn the Arsonist (level 9, -4/74 HPs)
             Began as a Hill Orc Fire Elementalist on May 22, 2020.
             Killed by miscasting Sticky Flame (11 damage)
             ... on level 6 of the Dungeon on May 23, 2020.
             The game lasted 00:29:59 (9696 turns).

BeastOfSaturn the Arsonist (HOFE)                   Turns: 9696, Time: 00:30:00

Health: -4/74      AC:  5    Str: 14    XL:     9   Next: 13%
Magic:  0/11       EV: 11    Int: 15    God:
Gold:   361        SH:  0    Dex: 11    Spells: 3/11 levels left

rFire    . . .     SeeInvis .   s - staff of energy
rCold    . . .     Gourm    .   (no shield)
rNeg     . . .     Faith    .   g - +0 leather armour
rPois    .         Spirit   .   t - +0 helmet
rElec    .         Reflect  .   (no cloak)
rCorr    .         Harm     .   (no gloves)
MR       .....                  (no boots)
Stlth    +.........             (no amulet)
HPRegen  0.22/turn              j - ring of flight
MPRegen  0.12/turn              (no ring)

@: brilliant, about to teleport, very slightly contaminated
A: no striking features
a: Evoke Flight


You were on level 6 of the Dungeon.
You were not hungry.

You visited 1 branch of the dungeon, and saw 7 of its levels.

You collected 361 gold pieces.

Inventory:

Hand Weapons
 h - a +2 short sword of speed
Armour
 a - a +0 robe
 d - a +0 tower shield
 g - a +0 leather armour (worn)
 t - a +0 helmet (worn)
Magical Staves
 m - an uncursed staff of air
 s - an uncursed staff of energy (weapon)
Jewellery
 j - a ring of flight (left hand)
Scrolls
 b - 4 scrolls of teleportation
 e - a scroll of identify
 i - a scroll of fear {unknown}
 k - 4 scrolls of immolation
 l - 4 scrolls of remove curse {unknown}
 n - a scroll of noise {unknown}
Potions
 f - 4 potions of stabbing
 o - 2 potions of berserk rage
 p - a potion of cancellation
 r - a potion of resistance {unknown}
 u - a potion of heal wounds {unknown}
Comestibles
 c - 5 rations


   Skills:
 * Level 5.3 Fighting
 * Level 5.8 Armour
 - Level 1.5 Dodging
 - Level 1.5 Stealth
 * Level 1.0 Shields
 - Level 1.5 Spellcasting
 - Level 6.0 Conjurations
 - Level 8.0 Fire Magic


You had 3 spell levels left.
You knew the following spells:

 Your Spells              Type           Power        Failure   Level  Hunger
a - Foxfire               Conj/Fire      ####         1%          1    None
b - Sticky Flame          Conj/Fire      ####....     16%         4    None
c - Conjure Flame         Conj/Fire      ####....     4%          3    None

Your spell library contained the following spells:

 Spells                   Type           Power        Failure   Level  Hunger
 Inner Flame              Hex/Fire       ###.....     17%         3    None
 Fireball                 Conj/Fire      ####......   41%         5    None


Dungeon Overview and Level Annotations

Branches:
Dungeon (7/15)
 Temple: D:4-7

Altars:
Sif Muna
Uskayaw

Annotations:
D:6 Joseph


Message History

The foxfire hits Joseph.
Joseph is moderately wounded.
Joseph hits you with a +0 quarterstaff! x2
* * * LOW HITPOINT WARNING * * *
You climb upwards.
There is a stone staircase leading down here.
As you read the scroll of teleportation, it crumbles to dust.
You feel strangely unstable. Joseph hits you with a +0 quarterstaff!
* * * LOW HITPOINT WARNING * * *
You feel clever all of a sudden. Joseph hits you but does no damage.
Casting: Foxfire (safe; 1% risk of failure)
Confirm with . or Enter, or press ? or * to list all spells.
Aiming: Sticky Flame (dangerous; 16% risk of failure)
Press: ? - help, Shift-Dir - straight line, f - Joseph
Aim: Joseph, wielding a +0 quarterstaff, wearing a +0 leather armour and quivering 17 sling bullets (moderately wounded)
You feel a surge of power!
You miscast Sticky Flame.
You are very lightly contaminated with residual magic.
You are blasted with magical energy!
You die...

##....[..........
##......#######...
##..>^...#### #.#.
#...........# #.#.
#.........#.# #.#.
#.#.....#.#.# #.#.
#.##...##.#.# #.#.
###.###.###.#.#
#.#. #..@@...#
#.#.# #...
#.#.#######.#.#
####
#...........#.#
###.######..#.#
#.# #..#.#
#.######..#.#
#...........#
########..### #..#


You could see Joseph.

Vanquished Creatures
  Grinder (D:4)
  2 ice beasts (D:5)
  A phantom (D:4)
  6 ogres
  3 centaurs
  A water moccasin skeleton (D:4)
  A crimson imp (D:6)
  3 hounds
  An orc wizard (D:6)
  4 orc priests
  An iguana (D:6)
  A centaur skeleton (D:4)
  A worker ant (D:6)
  A hound skeleton (D:4)
  A hound zombie (D:5)
  8 gnolls
  5 adders
  An ooze (D:4)
  An adder zombie (D:4)
  7 worms
  2 dart slugs
  A leopard gecko (D:5)
  12 orcs
  6 giant cockroaches
  7 goblins
  6 hobgoblins
  12 jackals
  5 kobolds
  2 quokkas
  2 ball pythons (D:2)
  9 bats
  4 frilled lizards
  A leopard gecko skeleton (D:5)
  A leopard gecko zombie (D:4)
  7 rats
127 creatures vanquished.

Vanquished Creatures (others)
  A quokka (D:6)
  265 foxfires
266 creatures vanquished.

Grand Total: 393 creatures vanquished

Notes
Turn   | Place    | Note
-------+----------+-------------------------------------------
     0 | D:1      | BeastOfSaturn the Hill Orc Fire Elementalist began the
                  | quest for the Orb.
     0 | D:1      | Reached XP level 1. HP: 14/14 MP: 3/3
   227 | D:1      | Reached XP level 2. HP: 22/22 MP: 1/4
  1040 | D:2      | Reached skill level 4 in Fire Magic
  1369 | D:2      | Reached skill level 1 in Fighting
  1369 | D:2      | Reached XP level 3. HP: 16/28 MP: 0/5
  2562 | D:3      | Reached XP level 4. HP: 35/35 MP: 6/6
  2590 | D:3      | Found a hide-covered altar of Uskayaw.
  3233 | D:3      | Reached skill level 1 in Armour
  3595 | D:4      | Noticed a phantom
  3638 | D:4      | Killed a phantom
  3638 | D:4      | Reached XP level 5. HP: 29/42 MP: 0/7
  3957 | D:4      | Reached skill level 5 in Fire Magic
  3957 | D:4      | Reached XP level 6. HP: 34/51 MP: 5/8
  3963 | D:4      | Learned a level 4 spell: Sticky Flame
  3967 | D:4      | Learned a level 3 spell: Conjure Flame
  4200 | D:4      | Noticed Grinder
  4202 | D:4      | Paralysed by Grinder for 5 turns
  4214 | D:4      | Killed Grinder
  4214 | D:4      | Reached XP level 7. HP: 30/58 MP: 2/9
  5990 | D:5      | Entered Level 5 of the Dungeon
  6031 | D:5      | Reached skill level 6 in Fire Magic
  6688 | D:5      | Reached XP level 8. HP: 67/67 MP: 6/10
  6698 | D:5      | Reached skill level 5 in Fighting
  7326 | D:5      | Reached skill level 5 in Conjurations
  7326 | D:5      | Reached skill level 7 in Fire Magic
  8380 | D:6      | Found a shimmering blue altar of Sif Muna.
  8690 | D:5      | Upgraded the game from 0.25-a0-1133-g93ebf739aa to
                  | 0.25-a0-1136-gc1285e62ab
  8702 | D:6      | Reached skill level 5 in Armour
  8779 | D:6      | Reached skill level 8 in Fire Magic
  8918 | D:6      | Reached XP level 9. HP: 71/74 MP: 3/11
  9679 | D:7      | Noticed Joseph
  9686 | D:7      | Reached skill level 1 in Shields
  9696 | D:6      | Killed by miscasting Sticky Flame

Illustrated notes

Levels and vault maps discovered:
D:1:      dpeg_arrival_round_b, layout_loops_ring
D:2:      layout_basic, first_ration
D:3:      layout_loops_corners, overflow_temple_1_default, serial_glass,
          glass_columns_b, glass_columns_a
D:4:      layout_layer_cave, uniq_grinder
D:5:      layout_basic, item_on_display_a
D:6:      layout_loops_ring, led_sif_pool
D:7:      layout_rooms, minmay_temple_entry_arrows, grunt_livestock,
          sigmund_army, uniq_joseph

Skill      XL: |  1  2  3  4  5  6  7  8  9 |
---------------+----------------------------+-----
Fire Magic     | 4 5 6 8 |  8.0
Fighting       | 1 2 3 4 5 |  5.3
Conjurations   | 2 3 4 6 |  6.0
Armour         | 2 3 4 5 |  5.8
Shields        | 1 |  1.0
Dodging        | |  1.5
Stealth        | |  1.5
Spellcasting   | |  1.5

Action                   |  1- 3 |  4- 6 |  7- 9 || total
-------------------------+-------+-------+-------++-------
Melee: Unarmed           |    24 |       |       ||    24
       Short sword       |    55 |   119 |   172 ||   346
       Staff             |       |       |   175 ||   175
 Cast: Foxfire           |    58 |    17 |   110 ||   185
       Sticky Flame      |       |     1 |     8 ||     9
       Conjure Flame     |       |       |     2 ||     2
  Use: Scroll            |     5 |       |     5 ||    10
       Potion            |       |       |     3 ||     3
 Stab: Sleeping          |     3 |     2 |     2 ||     7
  Eat: Chunk             |     7 |     3 |     4 ||    14
       Ration            |       |     1 |     5 ||     6
Armor: Robe              |     5 |       |       ||     5
       Leather armour    |     7 |    21 |    61 ||    89
       Skin              |       |       |    33 ||    33
Dodge: Dodged            |    36 |    49 |   207 ||   292

Table legend:
 A = Non-vault XP
 B = Vault XP
 C = Vault XP percentage of total XP
 D = Non-vault monster count
 E = Vault monster count
 F = Vault count percentage of total count
                 A         B        C        D         E       F
            +---------+---------+-------+---------+---------+-------
      Total |    2405 |     258 |   9.7 |     126 |       1 |   0.8
            +---------+---------+-------+---------+---------+-------
        D:1 |      24 |       0 |   0.0 |      13 |       0 |   0.0
        D:2 |      42 |       0 |   0.0 |      18 |       0 |   0.0
        D:3 |      72 |       0 |   0.0 |      27 |       0 |   0.0
        D:4 |     544 |     258 |  32.2 |      25 |       1 |   3.8
        D:5 |     947 |       0 |   0.0 |      20 |       0 |   0.0
        D:6 |     733 |       0 |   0.0 |      22 |       0 |   0.0
        D:7 |      43 |       0 |   0.0 |       1 |       0 |   0.0
            +---------+---------+-------+---------+---------+-------
